Map: Tokamak LE

Players

BRRRZZZ - Winner!

  • Race: Protoss Protoss
  • League: Diamond
  • Spawn Location: 7:00

ManlyManMeat

  • Race: Zerg Zerg
  • League: Diamond
  • Spawn Location: 1:00

VOD

Have the link to the VOD?

Description

Time

  • Played on: July 13, 2025, 10:54 a.m.
  • Length: 5:36
Show
View Real Time Build Order
Export as new Build Order

BRRRZZZ Protoss - Winner!

Build Orders: 1 Gate Expand, Dark Templar Rush 

Get SALT Encoding   

  12  0:01  Probe  
  13  0:13  Probe  
  14  0:23  Pylon  
  14  0:25  Probe  
  15  0:37  Probe  
  16  0:43  Gateway  
  16  0:45  Probe  
  17  0:51  Assimilator  
  17  0:55  Probe  
  18  1:07  Probe  
  19  1:19  Probe  
  20  1:27  Nexus  
  20  1:39  Cybernetics Core, Probe  
  21  1:45  Assimilator  
  21  1:51  Probe  
  22  2:00  Pylon  
  22  2:04  Probe  
  22  2:09  Adept  
  22  2:16  Probe  
  22  2:17  Warp Gate  
  25  2:30  Twilight Council  
  25  2:36  Stalker  
  25  2:41  Probe  
  25  2:43  Probe  
  29  2:49  Probe  
  29  2:55  Probe  
  29  2:58  Probe  
  31  3:03  Robotics Facility  
  32  3:08  Probe  
  32  3:10  Probe  
  34  3:20  Probe  
  34  3:22  Probe  
  36  3:32  Probe  
  37  3:34  Probe  
  37  3:35  Gateway  
  37  3:38  Gateway  
  37  3:40  Gateway  
  38  3:43  Dark Shrine  
  38  3:44  Probe, Warp Prism  
  38  3:46  Probe  
  42  3:56  Probe  
  42  4:02  Probe  
  44  4:04  Assimilator  
  44  4:06  Pylon  
  44  4:07  Assimilator  
  44  4:08  Probe  
  45  4:15  Pylon  
  45  4:16  Probe  
  46  4:24  Probe  
  46  4:28  Adept  
  46  4:30  Probe  
  50  4:36  Probe  
  51  4:43  Probe  
  52  4:49  Probe  
  53  4:56  Dark Templar x3  
  53  4:57  Dark Templar  
  61  5:03  Pylon  
  61  5:06  Pylon  
  61  5:09  Pylon  
Show
View Real Time Build Order
Export as new Build Order

ManlyManMeat Zerg 

Build Orders: Hatch First 

Get SALT Encoding   

  12  0:00  Drone  
  13  0:09  Drone  
  14  0:14  Extractor  
  14  0:16  Drone  
  15  0:22  Overlord  
  15  0:41  Drone  
  16  0:47  Hatchery  
  15  0:50  Drone  
  15  0:53  Drone  
  17  0:57  Drone  
  18  1:07  Extractor  
  17  1:13  Spawning Pool  
  17  1:16  Drone  
  17  1:26  Drone  
  17  1:32  Drone  
  19  1:47  Drone  
  19  1:48  Drone  
  21  2:02  Queen  
  21  2:03  Queen  
  21  2:04  Zergling x2  
  21  2:06  Zergling x2  
  27  2:18  Overlord  
  27  2:31  Hatchery  
  27  2:33  Drone  
  27  2:38  Drone x2  
  27  2:44  Drone x2  
  31  2:50  Zergling x4  
  33  2:53  Metabolic Boost  
  33  3:09  Queen  
  35  3:22  Drone  
  35  3:23  Overlord x3  
  36  3:40  Overlord x2  
  36  3:45  Queen  
  38  3:55  Drone x4  
  41  3:56  Drone x4  
  46  4:04  Extractor  
  46  4:07  Drone x2  
  46  4:08  Drone  
  48  4:12  Roach Warren  
  47  4:26  Spore Crawler  
  47  4:27  Zergling x6  
  47  4:28  Zergling x6  
  52  4:32  Drone  
  52  4:33  Drone x3  
  52  4:34  Zergling x8  
  58  5:14  Spore Crawler  
Tags
 
Add a new tag
Caveats
  • Supply blocks, unpowered buildings, or Contaminate may cause inaccurate times.
  • Supply counts are checked every 10 seconds.